 Dungeon Crawl Stone Soup version 0.31-a0-441-g867994ef1c (webtiles) character file.

Game seed: 12413341207105587091

18544 Twinkles the Mimic (level 12, -5/110 HPs)
             Began as a Troll Shapeshifter on Aug 1, 2023.
             Was a High Priest of Hepliaklqana.
             Slain by a cyan ugly thing (15 damage)
             ... on level 10 of the Dungeon on Aug 3, 2023.
             The game lasted 00:59:36 (10810 turns).

Twinkles the Mimic (Troll Shapeshifter)            Turns: 10810, Time: 00:59:37

Health: -5/110     AC:  4    Str: 30    XL:     12   Next: 28%
Magic:  15/15      EV:  9    Int:  4    God:    Hepliaklqana [*****.]
Gold:   498        SH: 10    Dex: 10    Spells: 11/11 levels left

rFire   . .          .
                       - Unarmed
rCold   . . .        o - +0 kite shield
rNeg    . . .        n - melded +1 robe of the Cuttlefish {rF+ rC+ Int+3}
rPois   .            (helmet restricted)
rElec   .            K - +1 cloak {rCorr}
rCorr   +            (gloves unavailable)
SInv    +            (boots unavailable)
Will    +....        (no amulet)
Stlth   +            e - ring of see invisible
HPRegen 1.18/turn    L - ring of willpower
MPRegen 0.14/turn

%: no passive effects
@: maw-form, marked, studying Fighting
A: devouring maw, reduced essence, large, unfitting armour, claws 3,
regeneration 1, shaggy fur 1, tough skin 1
a: Begin Untransformation, Renounce Religion, Recall Ancestor, Ancestor
Identity, Transference, Idealise


You were on level 10 of the Dungeon.
You worshipped Hepliaklqana.
Hepliaklqana was extremely pleased with you.
You were a creature with a mouth for a stomach.
You visited 1 branch of the dungeon, and saw 11 of its levels.
You also visited: Bailey.

You collected 729 gold pieces.
You spent 231 gold pieces at shops.

Inventory:

Hand Weapons
 k - a +4 whip
 F - the +6 triple sword of Jaowa {heavy, Dex+2}
   (You found it in a bailey)

   Dex:       It affects your dexterity (+2).
Armour
 a - a +0 animal skin
 n - the +1 robe of the Cuttlefish (melded) {rF+ rC+ Int+3}
   (You found it on level 2 of the Dungeon)

   Int:       It affects your intelligence (+3).
   rF:        It protects you from fire.
   rC:        It protects you from cold.
 o - a +0 kite shield (worn)
 K - a +1 cloak of preservation (worn)
 R - the +1 robe of Quiet Fog {rF+ Int+4}
   (You took it off a deep elf pyromancer on level 10 of the Dungeon)

   Int:       It affects your intelligence (+4).
   rF:        It protects you from fire.
Jewellery
 d - a ring of magical power
 e - a ring of see invisible (left claw)
 g - a +6 ring of intelligence
 u - a ring of positive energy
 L - a ring of willpower (right claw)
 O - an amulet of guardian spirit
Talismans
 c - a beast talisman
 w - a maw talisman (active)
Wands
 i - a wand of iceblast (7)
 p - a wand of paralysis (10)
 q - a wand of flame (3)
 y - a wand of mindburst (32)
Scrolls
 h - a scroll of brand weapon {unknown}
 l - 2 scrolls of poison {unknown}
 s - 2 scrolls of silence {unknown}
 x - 2 scrolls of fear {unknown}
 z - a scroll of blinking {unknown}
 A - 6 scrolls of revelation {unknown}
 C - a scroll of immolation {unknown}
 D - a scroll of noise {unknown}
 E - a scroll of fog {unknown}
 H - a scroll of enchant armour {unknown}
 I - a scroll of enchant weapon {unknown}
 Y - 7 scrolls of teleportation
 Z - 4 scrolls of identify
Potions
 b - a potion of cancellation {unknown}
 f - a potion of magic {unknown}
 j - a potion of attraction {unknown}
 m - 2 potions of enlightenment
 r - a potion of heal wounds {unknown}
 t - 3 potions of ambrosia {unknown}
 v - a potion of berserk rage {unknown}
 B - 2 potions of brilliance
 G - a potion of haste {unknown}
 J - 3 potions of curing
 M - 2 potions of might
 N - 2 potions of degeneration {unknown}
 P - 3 potions of lignification
 Q - 2 potions of resistance {unknown}
 U - 2 potions of mutation


   Skills:
 + Level 9.0 Fighting
 - Level 3.7 Dodging
 - Level 8.6 Shields
 + Level 9.4 Unarmed Combat
 + Level 6.3 Invocations
 - Level 10.0 Shapeshifting


You had 11 spell levels left.
You didn't know any spells.
Your spell library contained the following spells:

 Spells                   Type           Power      Damage    Failure   Level
 Blink                    Tloc           0%         N/A       80%         2
 Cigotuvi's Dreadful Rot  Necr/Pois/Air  0%         N/A       80%         2
 Static Discharge         Conj/Air       0%         2-2/arc   80%         2
 Ignite Poison            Fire/Tmut/Pois 0%         N/A       95%         3
 Portal Projectile        Hex/Tloc       0%         N/A       95%         3
 Tukima's Dance           Hex            0%         N/A       95%         3
 Airstrike                Air            0%         2d(0-16)  100%        4
 Iskenderun's Mystic Bla  Conj/Tloc      0%         2d3       100%        4
 Manifold Assault         Tloc           0%         N/A       100%        4
 Summon Lightning Spire   Summ/Air       0%         N/A       100%        4
 Freezing Cloud           Conj/Ice/Air   0%         6-21      100%        5


Dungeon Overview and Level Annotations

Branches:
Dungeon (11/15) Zot: 26865  Temple (0/1) D:5            Lair (0/5) D:9
    Orc (0/2) D:10         Bailey (visited)

Altars:
Ashenzari
Cheibriados
Elyvilon
Gozag
Hepliaklqana
Nemelex Xobeh
Okawaru
Uskayaw
Wu Jian
Yredelemnul
The Shining One

Shops:
D:4 =   D:6 =   D:7 :[:   D:8 *

Annotations:
D:3 1 runed translucent door, spiderkeys's ghost, amateur OpSh
D:4 exclusion: ogre
D:5 3 runed translucent doors, bakla's ghost, novice DrSh
D:6 3 runed translucent doors, Gelion's ghost, novice OpSh


Innate Abilities, Weirdness & Mutations

You are a creature with a mouth for a stomach.
Your midsection houses a second, enormous mouth.
Your life essence is reduced to manifest your ancestor. (-10% HP)
You are too large for most types of armour.
You have claws for hands.
Your natural rate of healing is unusually fast.
You are covered in fur. (AC +1)
You have tough skin. (AC +1)


Message History

Zarja hits the vampire mosquito with a +0 dagger of draining.
The vampire mosquito barely misses Zarja.
Something closely misses Zarja.
Zarja gestures at the vampire mosquito while chanting.
The vampire mosquito appears confused.
Something barely misses Zarja.
There is an open door here.
Something closely misses Zarja.
The vampire mosquito closely misses Zarja.
The vampire mosquito closely misses Zarja.
A cyan ugly thing comes into view.
Zarja hits the vampire mosquito with a +0 dagger of draining!
The vampire mosquito bites Zarja but does no damage.
Zarja closely misses the vampire mosquito.
There is an open door here.
The cyan ugly thing punches you! The cyan ugly thing shocks you!
The cyan ugly thing punches you! The cyan ugly thing shocks you!
An orc comes into view. It is wielding a +0 hand axe.
The cyan ugly thing punches you! The cyan ugly thing shocks you!
There is an open door, spattered with blood here.
The cyan ugly thing attacks as you move away!
The cyan ugly thing punches you. The cyan ugly thing shocks you!
* * * LOW HITPOINT WARNING * * *
An orc wizard comes into view. It is wielding a +0 dagger.
Zarja has departed this plane of existence.
The cyan ugly thing attacks as you move away!
You block the cyan ugly thing's attack.
An orc comes into view. It is wielding a +0 whip.
There is a stone staircase leading up here.
The cyan ugly thing punches you!
* * * LOW HITPOINT WARNING * * *
The cyan ugly thing shocks you!
* * * LOW HITPOINT WARNING * * *
You climb upwards.
There is a stone staircase leading down here.
Okay, then.
Unknown command.
You feel better. The cyan ugly thing punches you!
* * * LOW HITPOINT WARNING * * *
The cyan ugly thing shocks you!
You die...

######## #.# #.# ###.#### #.#
#......# ##'##### ###......######
#.......
##.............###.......
#########..#......####...'.......
..........##......# #####.......
.###########......# #....... ##
#....W.# #....... #....u.#
#....... #......# ########
########


You could see a cyan ugly thing.

Vanquished Creatures
  An ogre mage (D:10)
  A centaur warrior (D:10)
  A deep elf pyromancer (D:10)
  An orc knight (Bailey)
  2 ugly things (D:10)
  3 cyclopes
  2 manticores
  A yaktaur (D:10)
  7 yaks
  A shadow (D:9)
  A ynoxinul (D:9)
  3 wyverns (D:8)
  A steam dragon (D:9)
  2 basilisks (D:9)
  Menkaure (D:4)
  5 water moccasins
  An ice beast (D:7)
  8 orc warriors
  2 black bears
  2 phantoms
  3 centaurs
  3 kobold brigands
  A gnoll sergeant (D:9)
  4 scorpions
  2 bullfrogs (D:8)
  12 wights
  5 killer bees
  3 howler monkeys
  2 electric eels (D:8)
  5 orc priests
  A gnoll bouda (D:9)
  A hound (D:5)
  A sleepcap (D:5)
  Ijyb (D:4)
  Terence (D:2)
  An iguana (D:6)
  8 orc wizards
  A hexer (Bailey)
  Robin (D:2)
  6 gnolls (D:9)
  4 adders
  A white imp (D:8)
  10 ufetubi
  4 worms
  A dart slug (D:3)
  58 orcs
  10 ball pythons
  6 endoplasms
  3 giant cockroaches
  18 goblins
  5 hobgoblins
  5 jackals
  A quokka (D:1)
  5 bats
  5 frilled lizards
  15 kobolds
  4 rats
  A spectral hobgoblin (D:9)
264 creatures vanquished.

Vanquished Creatures (collateral kills)
  Erolcha (D:9)
  An orc knight (Bailey)
  A deep elf pyromancer (D:10)
  A ynoxinul (D:9)
  A yak (D:8)
  A wyvern (D:8)
  Edmund (D:5)
  An orc warrior (Bailey)
  A sky beast (D:8)
  A boggart (D:9)
  A centaur (D:6)
  Blork the orc (D:4)
  A scorpion (D:9)
  2 wights
  2 killer bees (D:8)
  A howler monkey (D:4)
  A hound (D:7)
  2 orc priests
  An iguana (D:4)
  2 orc wizards (D:6)
  An adder (D:6)
  2 gnolls (D:9)
  4 ufetubi
  19 orcs
  2 goblins (D:4)
  A hobgoblin (D:4)
  A jackal (D:3)
  A quokka (D:4)
  A ball python (D:3)
  5 kobolds
61 creatures vanquished.

Vanquished Creatures (others)
  11 hexers
  An ancestor (D:3)
12 creatures vanquished.

Grand Total: 337 creatures vanquished

Notes
Turn   | Place    | Note
-------+----------+-------------------------------------------
     0 | D:1      | Twinkles the Troll Shapeshifter began the quest for the
                  | Orb.
     0 | D:1      | Reached XP level 1. HP: 18/18 MP: 0/0
    91 | D:1      | Reached skill level 1 in Fighting
   182 | D:1      | Reached XP level 2. HP: 27/27 MP: 1/1
   803 | D:2      | Noticed Terence
   816 | D:2      | Killed Terence
   817 | D:2      | Reached XP level 3. HP: 30/33 MP: 2/2
   836 | D:2      | Found a faded altar of an unknown god.
   888 | D:2      | Prayed at the altar of an unknown god.
   888 | D:2      | Became a worshipper of Hepliaklqana the Forgotten
   888 | D:2      | Reached * piety under Hepliaklqana
   952 | D:2      | Noticed Robin
   961 | D:2      | Killed Robin
   962 | D:2      | Reached XP level 4. HP: 27/36 MP: 3/3
  1123 | D:2      | Found an opulent altar of Gozag.
  1226 | D:2      | Identified the +1 robe of the Cuttlefish {rF+ rC+ Int+3}
  1562 | D:3      | Reached XP level 5. HP: 43/44 MP: 4/4
  1568 | D:3      | Reached ** piety under Hepliaklqana
  1606 | D:3      | Remembered your ancestor Zarja as a hexer
  1701 | D:3      | Noticed spiderkeys's ghost (amateur OpSh)
  1706 | D:3      | Found a runed translucent door.
  2193 | D:4      | Found a sparkling altar of Nemelex Xobeh.
  2201 | D:4      | Noticed an ogre
  2231 | D:4      | Found Limumn's Jewellery Shoppe.
  2292 | D:4      | Noticed Blork the orc
  2302 | D:4      | Killed Blork the orc
  2303 | D:4      | Reached XP level 6. HP: 29/53 MP: 5/5
  2404 | D:4      | Reached skill level 4 in Shapeshifting
  2424 | D:4      | Reached skill level 1 in Shields
  2514 | D:4      | Noticed Ijyb
  2521 | D:4      | Killed Ijyb
  2540 | D:4      | Noticed Menkaure
  2549 | D:4      | Killed Menkaure
  2550 | D:4      | Reached XP level 7. HP: 34/59 MP: 6/6
  2736 | D:4      | Reached *** piety under Hepliaklqana
  3393 | D:5      | Entered Level 5 of the Dungeon
  3393 | D:5      | Noticed Edmund
  3403 | D:5      | Killed Edmund
  3461 | D:5      | Reached skill level 5 in Unarmed Combat
  3480 | D:5      | Identified the +4 spear of Ascent {freeze, rC++}
  3577 | D:5      | Found a white marble altar of Elyvilon.
  3577 | D:5      | Found a basalt altar of Yredelemnul.
  3585 | D:5      | Found a glowing golden altar of the Shining One.
  3587 | D:5      | Found a faded altar of an unknown god.
  3589 | D:5      | Found an ornate altar of the Wu Jian Council.
  3682 | D:5      | Found a runed translucent gate.
  3683 | D:5      | Found a runed translucent gate.
  3684 | D:5      | Found a runed translucent gate.
  3684 | D:5      | Noticed bakla's ghost (novice DrSh)
  3984 | D:5      | Found a staircase to the Ecumenical Temple.
  4079 | D:6      | Found Jenkuhof's Jewellery Boutique.
  4093 | D:6      | Reached XP level 8. HP: 67/67 MP: 7/7
  4247 | D:6      | Reached skill level 5 in Shapeshifting
  4612 | D:6      | Reached **** piety under Hepliaklqana
  4692 | D:6      | Identified the +0 pair of gloves of the Sun {rElec Str+4}
  4851 | D:6      | Found a snail-covered altar of Cheibriados.
  4890 | D:6      | Found a runed translucent gate.
  4890 | D:6      | Found a runed translucent gate.
  4890 | D:6      | Found a runed translucent gate.
  4891 | D:6      | Noticed Gelion's ghost (novice OpSh)
  4927 | D:7      | Noticed a cyclops
  4952 | D:7      | Reached XP level 9. HP: 73/76 MP: 8/8
  4958 | D:7      | Killed a cyclops
  4959 | D:7      | Reached skill level 1 in Invocations
  4999 | D:7      | Found a flagged portal.
  5059 | D:7      | Reached skill level 5 in Fighting
  5083 | Bailey   | Entered a bailey
  5220 | Bailey   | Reached skill level 6 in Shapeshifting
  5410 | Bailey   | Reached skill level 5 in Shields
  5453 | Bailey   | Identified the +6 triple sword of Jaowa {heavy, Dex+2}
  5456 | Bailey   | Noticed an orc knight
  5457 | Bailey   | Noticed an orc knight
  5675 | Bailey   | Killed an orc knight
  5796 | Bailey   | Killed an orc knight
  5797 | Bailey   | Reached XP level 10. HP: 49/87 MP: 11/11
  5920 | Bailey   | Reached skill level 8 in Shapeshifting
  5920 | Bailey   | Reached XP level 11. HP: 94/94 MP: 12/12
  6120 | D:7      | Found Ethineblap's Distillery.
  6159 | D:7      | Found Ferywkiq's Book Shoppe.
  6247 | D:7      | Found Fooli's Armour Emporium.
  6301 | D:7      | Found Fyit's Book Shoppe.
  6709 | D:8      | Reached skill level 9 in Shapeshifting
  6928 | D:8      | Reached ***** piety under Hepliaklqana
  7924 | D:8      | Found Hitadgh's Humungous Hoard.
  7977 | D:8      | Found a broken altar of Ashenzari.
  8076 | D:7      | Bought a +1 cloak of preservation for 231 gold pieces
  8234 | D:8      | Found an iron altar of Okawaru.
  8234 | D:8      | Found a hide-covered altar of Uskayaw.
  8715 | D:9      | Found a staircase to the Lair.
  8957 | D:9      | Noticed Erolcha
  8976 | D:9      | Upgraded the game from 0.31-a0-435-g2c6fae2916 to
                  | 0.31-a0-441-g867994ef1c
  8989 | D:9      | Found a hazy altar of Hepliaklqana.
  9206 | D:9      | Killed Erolcha
  9207 | D:9      | Reached skill level 5 in Invocations
  9244 | D:9      | Identified the +3 mace of Ceadeo Ybrou {freeze, Int+4}
  9364 | D:10     | Entered Level 10 of the Dungeon
  9421 | D:10     | Noticed an ogre mage
  9421 | D:10     | Noticed a boulder beetle
  9482 | D:10     | Noticed a deep elf pyromancer
  9530 | D:10     | Noticed a centaur warrior
  9702 | D:10     | Found a staircase to the Orcish Mines.
  9895 | D:10     | Noticed a red ugly thing
 10229 | D:10     | Killed an ogre mage
 10230 | D:10     | Reached XP level 12. HP: 91/104 MP: 15/15
 10440 | D:10     | Killed a centaur warrior
 10498 | D:10     | Identified the +1 robe of Quiet Fog {rF+ Int+4}
 10559 | D:10     | Reached skill level 10 in Shapeshifting
 10806 | D:11     | HP: 31/110 [cyan ugly thing (15)]
 10808 | D:11     | HP: 8/110 [cyan ugly thing (16)]
 10810 | D:10     | Slain by a cyan ugly thing

Illustrated notes

Levels and vault maps discovered:
D:1:      spicycebolla_green_bress_n_ham, layout_loops_corners
D:2:      layout_basic, basic_altar, shapermc_ecumenical_altar_mp_ritualfount,
          uniq_terence, uniq_robin
D:3:      layout_basic, hellmonk_ghost_happy_afterlife, minmay_joined_circles
D:4:      kennysheep_the_goblin_king, layout_layer_cave,
          nemelex_xobeh_ov_fountains_minmay, serial_shops, nicolae_square_shop,
          uniq_ijyb, uniq_blork_the_orc, uniq_menkaure
D:5:      layout_loops_cross, chequers_temple_overflow_minitemple,
          minmay_temple_entry_enclosed_plants, gammafunk_ghost_split,
          uniq_edmund
D:6:      layout_rooms, lemuel_round_altar, gammafunk_ghost_necromancy,
          serial_shops, shop
D:7:      layout_gridville, enter_bailey_8, serial_shops, shop,
          nicolae_shop_tiny_glass, nicolae_shop_stone, shop, grunt_ministairs_2
D:8:      statuecave_lemuel, layout_gridville, old_standard_altar,
          gammafunk_temple_overflow_elements, nicolae_alphabet_shops
D:9:      layout_cave_pools, nicolae_hepliaklqana_monster_ancestors,
          minmay_lair_entry_grove, nicolae_fort_ynox, uniq_erolcha
D:10:     layout_roguey, hiddenorc2_lemuel, minivault_21, minivault_28
D:11:     layout_roguey, introduction_to_nature_2

Skill      XL: |  1  2  3  4  5  6  7  8  9 10 11 12 |
---------------+-------------------------------------+-----
Fighting       | 1 2 3 4 5 8 9 |  9.0
Dodging        | 2 3 |  3.7
Unarmed Combat | 4 5 6 7 9 |  9.4
Shapeshifting  | 4 5 6 8 9 10 | 10.0
Shields        | 1 2 4 5 8 |  8.6
Invocations    | 3 5 6 |  6.3

Action                     |  1- 3 |  4- 6 |  7- 9 | 10-12 || total
---------------------------+-------+-------+-------+-------++-------
  Melee: Unarmed           |    65 |   116 |   168 |   290 ||   639
         Punch             |       |     3 |     8 |       ||    11
         Maw               |       |       |       |    44 ||    44
 Invoke: Ancestor Identity |     1 |       |       |       ||     1
         Ancestor Life: He |       |     1 |       |       ||     1
         Recall Ancestor   |       |       |     1 |    10 ||    11
    Use: Scroll            |       |       |     4 |     2 ||     6
         Potion            |       |       |       |     3 ||     3
   Stab: Sleeping          |     1 |       |     1 |       ||     2
         Distracted        |       |     1 |       |     3 ||     4
         Confused          |       |       |     2 |     3 ||     5
 Armour: Animal skin       |    29 |       |       |       ||    29
         Robe              |       |    37 |    44 |       ||    81
         Skin              |       |       |       |    52 ||    52
  Dodge: Dodged            |    35 |    57 |    87 |   112 ||   291
  Block: Kite shield       |       |       |       |   176 ||   176
   Form: Maw               |       |       |       |     1 ||     1

Table legend: (Time is in decaauts)
 A = Elapsed time spent in this place.
 B = Non-inter-level travel time spent in this place.
 C = Inter-level travel time spent in this place.
 D = Time resting spent in this place.
 E = Time spent auto-exploring this place.
 F = Levels seen in this place.
 G = Mean time per level.
                   A        B        C        D        E       F      G
               +--------+--------+--------+--------+--------+-----+--------+
         Total |  10781 |  10186 |    595 |   1145 |   6471 |  12 |  898.4 |
       Dungeon |   9933 |   9338 |    595 |   1107 |   6127 |  11 |  903.0 |
        Bailey |    848 |    848 |      0 |     38 |    344 |   1 |  848.0 |
               +--------+--------+--------+--------+--------+-----+--------+

Top non-repeatable levels by time:
     D:7: 1475 daAuts
     D:8: 1388 daAuts
     D:4: 1217 daAuts
     D:9: 1212 daAuts
    D:10: 896 daAuts
  Bailey: 848 daAuts
     D:6: 829 daAuts
     D:1: 799 daAuts
     D:3: 716 daAuts
     D:5: 667 daAuts
     D:2: 645 daAuts
    D:11: 85 daAuts
